 Dungeon Crawl Stone Soup version 0.29.1-1-gd02db69 (webtiles) character file.

Game seed: 8346926801685528272

124574 Dorkslayer the Severer (level 16, -1/151 HPs)
             Began as a Hill Orc Fighter on Oct 22, 2022.
             Was an Initiate of Gozag.
             Succumbed to a merfolk's poison
             ... on level 4 of the Shoals.
             The game lasted 01:44:07 (25173 turns).

Dorkslayer the Severer (Hill Orc Fighter)          Turns: 25173, Time: 01:44:08

Health: -1/151     AC: 30    Str: 29    XL:     16   Next: 93%
Magic:  16/16      EV:  9    Int: 15    God:    Gozag
Gold:   1652       SH: 18    Dex: 18    Spells: 15/15 levels left

rFire   + . .      SeeInvis +   R - +2 broad axe (vorpal)
rCold   . . .      Faith    .   Q - +0 kite shield
rNeg    + + .      Spirit   .   m - +3 plate armour of Cheibriados's Favour {rF+ Stlth+}
rPois   .          Reflect  +   K - +2 helmet {Int+3}
rElec   .          Harm     .   H - +0 cloak
rCorr   .          Rampage  ∞   t - +0 pair of gloves
Will    +....                   l - +3 pair of seven-league boots {Rampage+∞}
Stlth   ..........              e - amulet of reflection
HPRegen 0.35/turn               q - ring of Scepticism {rN++ Str+4 Int+4 Dex+6}
MPRegen 0.15/turn               D - ring of see invisible

@: lethally poisoned (-1 -> -20), gold aura, studying 2 skills
A: no striking features
a: Renounce Religion, Potion Petition, Call Merchant, Bribe Branch


You were on level 4 of the Shoals.
You worshipped Gozag.
Gozag was most pleased with you.
You visited 5 branches of the dungeon, and saw 27 of its levels.

You collected 9846 gold pieces.
You spent 3932 gold pieces at shops.
You paid 4262 gold pieces to Gozag.

Inventory:

Hand Weapons
 r - the +6 flail "Qesolur" {holy, rF+ Will+ Int+3}
   (You found it on level 2 of the Lair of Beasts)

   It has been blessed by the Shining One to cause great damage to the undead
   and demons.
   Int:       It affects your intelligence (+3).
   rF:        It protects you from fire.
   Will:      It increases your willpower.
 M - the +4 flail of Wyrd {flame, rPois rN+ Stlth+}
   (You found it on level 10 of the Dungeon)

   It burns those it strikes, dealing additional fire damage.
   rPois:     It protects you from poison.
   rN:        It protects you from negative energy.
   Stlth:     It makes you more stealthy.
 R - a +2 vorpal broad axe (weapon)
 U - the +7 war axe "X" {venom, rC+ Will+ Int-5 SInv}
   (You found it on level 5 of the Lair of Beasts)

   It poisons the flesh of those it strikes.
   Int:       It affects your intelligence (-5).
   rC:        It protects you from cold.
   SInv:      It lets you see invisible.
   Will:      It increases your willpower.
Missiles
 i - 32 boomerangs
 w - 10 boomerangs of dispersal
 x - 5 silver javelins
 I - 11 javelins
 J - 12 curare-tipped darts (quivered)
Armour
 l - the +3 pair of seven-league boots (worn) {Rampage+∞}
   (You bought it in a shop on level 2 of the Orcish Mines)

   Its wearer moves as far as possible in that direction when moving towards
   enemies.
 m - the +3 plate armour of Cheibriados's Favour (worn) {rF+ Stlth+}
   (You bought it in a shop on level 2 of the Lair of Beasts)

   rF:        It protects you from fire.
   Stlth:     It makes you more stealthy.
 t - a +0 pair of gloves (worn)
 H - a +0 cloak (worn)
 K - a +2 helmet of intelligence (worn)
 L - a +0 tower shield
 Q - a +0 kite shield (worn)
Jewellery
 e - an amulet of reflection (around neck)
 q - the ring of Scepticism (left hand) {rN++ Str+4 Int+4 Dex+6}
   (You bought it in a shop on level 2 of the Lair of Beasts)

   [ring of dexterity]

   Str:       It affects your strength (+4).
   Int:       It affects your intelligence (+4).
   Dex:       It affects your dexterity (+6).
   rN:        It greatly protects you from negative energy.
 B - an amulet of magic regeneration
 D - a ring of see invisible (right hand)
Wands
 a - a wand of mindburst (2)
 y - a wand of flame (77)
 z - a wand of charming (2)
 E - a wand of polymorph (18)
Scrolls
 b - 8 scrolls of teleportation
 d - 5 scrolls of fog
 n - 4 scrolls of amnesia
 o - 6 scrolls of identify
 p - 3 scrolls of enchant armour
 u - 4 scrolls of fear
 C - 5 scrolls of immolation
 F - 3 scrolls of magic mapping
 N - a scroll of poison
Potions
 f - a potion of cancellation
 g - 6 potions of brilliance
 h - 10 potions of flight
 j - 2 potions of ambrosia
 s - a potion of might
 v - 2 potions of berserk rage
 O - 2 potions of mutation
 T - 2 potions of haste
 V - 2 potions of magic
Miscellaneous
 c - a phial of floods


   Skills:
 + Level 15.8 Fighting
 + Level 20.1(20.3) Axes
 + Level 4.4(12.0) Maces & Flails
 + Level 1.9 Throwing
 + Level 14.1 Armour
 + Level 3.1 Dodging
 + Level 5.1 Stealth
 + Level 11.7 Shields
 * Level 14.0 Evocations


You had 15 spell levels left.
You didn't know any spells.
Your spell library contained the following spells:

 Spells                   Type           Power      Damage    Failure   Level
 Sublimation of Blood     Necr           0%         N/A       99%         2
 Call Canine Familiar     Summ           0%         N/A       100%        3
 Conjure Flame            Conj/Fire      0%         6-21      100%        3
 Ignite Poison            Fire/Tmut/Pois 0%         N/A       100%        3
 Portal Projectile        Hex/Tloc       0%         N/A       100%        3
 Stone Arrow              Conj/Erth      0%         3d7       100%        3
 Airstrike                Air            0%         2d(0-16)  100%        4
 Animate Armour           Summ/Erth      0%         N/A       100%        4
 Leda's Liquefaction      Hex/Erth       0%         N/A       100%        4
 Petrify                  Tmut/Erth      0%         N/A       100%        4
 Sticky Flame             Conj/Fire      0%         2d3       100%        4
 Summon Lightning Spire   Summ/Air       0%         N/A       100%        4
 Blade Hands              Tmut           0%         N/A       100%        5
 Borgnjor's Vile Clutch   Necr/Erth      0%         N/A       100%        5
 Fireball                 Conj/Fire      0%         3d3       100%        5
 Irradiate                Conj/Tmut      0%         3d11      100%        5
 Iskenderun's Battlesphe  Conj           0%         2d6       100%        5
 Lightning Bolt           Conj/Air       0%         1d11      100%        5
 Metabolic Englaciation   Hex/Ice        0%         N/A       100%        5
 Conjure Ball Lightning   Conj/Air       0%         3x3d6     100%        6
 Death Channel            Necr           0%         N/A       100%        6
 Iron Shot                Conj/Erth      0%         9d1       100%        6
 Statue Form              Tmut/Erth      0%         N/A       100%        6
 Orb of Destruction       Conj           0%         9d5       100%        7
 Discord                  Hex            0%         N/A       100%        8
 Disjunction              Tloc           0%         N/A       100%        8
 Lehudib's Crystal Spear  Conj/Erth      0%         10d2      100%        8
 Animate Dead             Necr           Unusable   N/A       N/A         4

Dungeon Overview and Level Annotations

Branches:
Dungeon (15/15)            Temple (1/1) D:7            Lair (5/5) D:11
 Shoals (4/4) Lair:2       Spider (0/4) Lair:2        Slime (0/5) Lair:4
    Orc (2/2) D:12            Elf (0/3) Orc:2        Vaults (0/5) D:14
 Depths: D:15

Altars:
Ashenzari
Cheibriados
Dithmenos
Elyvilon
Fedhas
Gozag
Hepliaklqana
Kikubaaqudgha
Makhleb
Nemelex Xobeh
Okawaru
Qazlal
Ru
Sif Muna
Trog
Uskayaw
Vehumet
Wu Jian
Xom
Yredelemnul
Zin
The Shining One
Beogh
Jiyva

Shops:
D:6 ?   D:14 ?*   Orc:2 (:[:?   Lair:2 ?=[[   Shoals:1 (

Annotations:
D:14 Rupert


Message History

You feel sick. You block the harpy's attack.
The harpy claws you but does no damage.
You slash the harpy!
You kill the harpy!
You feel sick.
The merfolk is distracted by your dazzling golden aura.
The merfolk hits you from afar with a +1 trident of venom!
* * * LOW HITPOINT WARNING * * *
You are lethally poisoned!
You completely miss the sea snake.
The sea snake is severely wounded.
* * * LOW HITPOINT WARNING * * *
You feel very sick.
The sea snake bites you but does no damage.
Unknown command.
You feel much better.
You feel very sick.
The sea snake is distracted by your dazzling golden aura.
You block the merfolk's attack.
The sea snake hisses angrily.
The merfolk shouts!
You hit the sea snake.
The sea snake is no longer distracted by gold.
The sea snake is severely wounded.
You feel very sick.
The merfolk hits you from afar with a +1 trident of venom!
* * * LOW HITPOINT WARNING * * *
You are more poisoned.
You slice the sea snake!!
You kill the sea snake!
* * * LOW HITPOINT WARNING * * *
You feel very sick.
The merfolk is no longer distracted by gold.
You block the merfolk's attack. x2
Unknown command.
Okay, then.
Press: ? - help, v - describe, . - travel
Here: a merfolk, wielding a +1 trident of venom and quivering boomerangs The floor, spattered with blood.
You die...
Your body crumbles into a pile of gold.

~.............~~~~~~.
~~~...........~~~~~
~~~.............~~~
~~~~.............~~
~~~~~.............~
~~~~~.........~..
~~~~~........~...
#####........~..
##...##@.....~~~~
#.....#......~~~
#..|.$S$.....~~~
#....m#m..)..~~~
##...##.....~~~~ ####
......~~~~ ~.....~~~~
~~~~..~~~~~
~~~~~~~~~~


You could see a sea snake and 2 merfolk.

Vanquished Creatures
  Jorgrun (Orc:2)
  Ilsuiw (Shoals:3)
  The ghost of Sadonosm the Carver, a journeyman DgSk (Lair:3)
  A merfolk javelineer (Shoals:3)
  2 merfolk impalers (Shoals:3)
  A fire dragon (Lair:5)
  4 vault guards (D:14)
  5 hydras
  3 boulder beetles
  Erolcha (Orc:2)
  A catoblepas (Lair:5)
  4 ogre magi
  6 two-headed ogres
  A centaur warrior (D:13)
  An alligator snapping turtle (Shoals:3)
  A merfolk avatar (Shoals:3)
  A merfolk aquamancer (Shoals:3)
  11 death yaks
  A satyr (Shoals:3)
  5 sea snakes
  2 deep elf pyromancers
  3 wizards
  9 harpies
  2 lindwurms (Lair:5)
  5 orc sorcerers (Orc:2)
  An oklob plant (Shoals:2)
  An orc knight (Orc:2)
  2 fauns (Shoals:3)
  A cyclops (D:13)
  31 elephants
  7 ugly things
  9 merfolk sirens
  5 manticores
  7 torpor snails
  4 black mambas
  4 water nymphs
  Maggie (Lair:1)
  2 gargoyles
  8 cane toads
  8 komodo dragons
  An efreet (D:14)
  3 rime drakes
  4 kobold demonologists (D:12)
  5 trolls
  12 polar bears
  A burning bush (Lair:4)
  18 merfolk
  7 wind drakes
  4 tyrant leeches (Lair:5)
  2 raiju (Lair:5)
  7 hornets
  Prince Ribbit (D:8)
  12 blink frogs
  5 snapping turtles
  6 slime creatures
  6 dream sheep (Lair:5)
  A centaur simulacrum (D:14)
  3 vampires
  5 jumping spiders (Lair:2)
  2 shadows
  2 spriggans (Lair:3)
  5 water elementals
  48 yaks
  7 humans (D:14)
  3 basilisks
  5 wyverns
  10 vampire mosquitoes
  3 steam dragons
  3 wraiths
  2 redbacks (Lair:2)
  8 wargs
  13 hell hounds (Lair:5)
  18 water moccasins
  An acid dragon (D:10)
  15 orc warriors
  4 sky beasts
  16 black bears
  3 ice beasts
  7 ogres
  4 boggarts
  32 wolves
  6 centaurs
  2 phantoms
  6 kobold brigands
  11 bullfrogs
  2 necrophages
  2 gnoll sergeants
  Blork the orc (D:5)
  4 scorpions
  5 wights (D:9)
  20 killer bees
  An electric eel (Lair:2)
  2 howler monkeys (D:13)
  A gnoll bouda (D:5)
  27 orc priests
  5 jellies
  An iron imp (D:6)
  7 hell rats (Lair:5)
  5 iguanas
  30 orc wizards
  Natasha (twice) (D:4)
  Robin (D:2)
  13 gnolls
  8 adders
  2 shadow imps (D:6)
  3 white imps
  An ufetubus (D:6)
  6 dart slugs
  80 orcs
  7 bats
  9 endoplasms
  4 giant cockroaches
  18 goblins
  15 hobgoblins
  2 jackals (D:5)
  6 quokkas
  10 ball pythons
  2 frilled lizards
  23 kobolds
  5 rats
  A butterfly (Lair:5)
834 creatures vanquished.

Vanquished Creatures (collateral kills)
  2 ogre magi (Orc:2)
  2 sea snakes (Shoals:3)
  2 harpies (Shoals:3)
  A manticore (Shoals:3)
  A merfolk siren (Shoals:3)
  4 merfolk (Shoals:3)
  A water elemental (Shoals:3)
  2 ogres (Orc:2)
  6 orc wizards (Orc:2)
21 creatures vanquished.

Vanquished Creatures (others)
  A vault guard (D:14)
  A manticore (Shoals:3)
  A merfolk (Shoals:3)
  A steam dragon (Shoals:3)
  A vampire mosquito (D:9)
  A bush (D:11)
  14 fungi
  139 plants
159 creatures vanquished.

Grand Total: 1014 creatures vanquished

Notes
Turn   | Place    | Note
-------+----------+-------------------------------------------
     0 | D:1      | Dorkslayer the Hill Orc Fighter began the quest for the
                  | Orb.
     0 | D:1      | Reached XP level 1. HP: 19/19 MP: 1/1
   131 | D:1      | Reached XP level 2. HP: 14/27 MP: 2/2
   496 | D:1      | Reached skill level 3 in Axes
   543 | D:1      | Found a faded altar of an unknown god.
   801 | D:1      | Reached XP level 3. HP: 33/33 MP: 3/3
  1385 | D:2      | Noticed Robin
  1394 | D:2      | Reached skill level 1 in Dodging
  1400 | D:2      | Reached XP level 4. HP: 31/40 MP: 4/4
  1405 | D:2      | Reached skill level 4 in Axes
  1418 | D:2      | Killed Robin
  1985 | D:3      | Reached XP level 5. HP: 30/46 MP: 5/5
  2149 | D:3      | Noticed a water moccasin
  2169 | D:3      | Killed a water moccasin
  2170 | D:3      | Reached skill level 5 in Axes
  2170 | D:3      | Reached XP level 6. HP: 26/53 MP: 6/6
  2744 | D:4      | Reached skill level 6 in Axes
  2744 | D:4      | Noticed Natasha
  2755 | D:4      | Killed Natasha
  2883 | D:4      | Reached XP level 7. HP: 60/60 MP: 7/7
  3197 | D:4      | Reached skill level 7 in Axes
  3425 | D:4      | Noticed Natasha
  3427 | D:4      | Killed Natasha
  3588 | D:4      | Reached skill level 1 in Evocations
  3660 | D:4      | Found a bloodstained altar of Trog.
  3780 | D:5      | Entered Level 5 of the Dungeon
  3826 | D:5      | Noticed Blork the orc
  3840 | D:5      | Reached skill level 5 in Fighting
  3851 | D:5      | Killed Blork the orc
  3893 | D:5      | Reached skill level 8 in Axes
  3893 | D:5      | Reached skill level 5 in Armour
  4052 | D:5      | Reached XP level 8. HP: 34/68 MP: 8/8
  4128 | D:5      | Reached skill level 9 in Axes
  4128 | D:5      | Reached skill level 1 in Stealth
  5136 | D:6      | Reached XP level 9. HP: 75/75 MP: 9/9
  5308 | D:6      | Reached skill level 10 in Axes
  5802 | D:6      | Found Punt's Magic Scroll Shoppe.
  6009 | D:6      | Found a snail-covered altar of Cheibriados.
  6730 | D:7      | Found a staircase to the Ecumenical Temple.
  6747 | Temple   | Entered the Ecumenical Temple
  7090 | D:7      | Noticed a hornet
  7106 | D:7      | Killed a hornet
  7107 | D:7      | Reached skill level 11 in Axes
  7256 | D:7      | Reached skill level 5 in Evocations
  7775 | D:8      | Found a glowing silver altar of Zin.
  7808 | D:8      | Reached skill level 5 in Shields
  7808 | D:8      | Reached XP level 10. HP: 45/84 MP: 10/10
  7824 | D:8      | Reached skill level 1 in Throwing
  7838 | D:8      | Reached skill level 12 in Axes
  8004 | D:8      | Noticed Prince Ribbit
  8019 | D:8      | Killed Prince Ribbit
  8339 | D:8      | Found a white marble altar of Elyvilon.
  8722 | D:9      | Found a glowing golden altar of the Shining One.
  8728 | D:9      | Found a sacrificial altar of Ru.
  8937 | D:9      | Found an ancient bone altar of Kikubaaqudgha.
  8969 | D:9      | Reached skill level 13 in Axes
  9075 | D:9      | Noticed a two-headed ogre
  9087 | D:9      | Killed a two-headed ogre
  9088 | D:9      | Reached XP level 11. HP: 80/94 MP: 11/11
  9088 | D:9      | Noticed a deep elf pyromancer
  9089 | D:9      | Noticed a purple ugly thing
  9100 | D:9      | Killed a deep elf pyromancer
  9101 | D:9      | HP: 1/94 [purple ugly thing (9)]
  9128 | D:9      | Killed a purple ugly thing
  9413 | D:9      | Noticed a wizard
  9461 | D:9      | Killed a wizard
  9623 | D:9      | Found a stormy altar of Qazlal.
  9837 | D:6      | Bought a scroll of fog for 40 gold pieces
  9837 | D:6      | Bought a scroll of identify for 20 gold pieces
  9837 | D:6      | Bought a scroll of magic mapping for 75 gold pieces
  9837 | D:6      | Bought a scroll of teleportation for 30 gold pieces
  9837 | D:6      | Bought a scroll of teleportation for 30 gold pieces
  9837 | D:6      | Bought a scroll of enchant armour for 75 gold pieces
  9837 | D:6      | Bought a scroll of identify for 20 gold pieces
  9837 | D:6      | Bought a scroll of magic mapping for 75 gold pieces
  9930 | D:10     | Entered Level 10 of the Dungeon
  9972 | D:10     | Noticed a two-headed ogre
  9984 | D:10     | Killed a two-headed ogre
  9985 | D:10     | Reached skill level 14 in Axes
 10291 | D:10     | Identified the +4 flail of Wyrd {flame, rPois rN+ Stlth+}
 10347 | D:10     | Found an opulent altar of Gozag.
 10367 | D:10     | Became a worshipper of Gozag Ym Sagoz the Greedy
 10739 | D:11     | Found a staircase to the Lair.
 10755 | D:11     | Noticed a manticore
 10760 | D:11     | Killed a manticore
 10879 | D:11     | Noticed a four-headed hydra
 10892 | D:11     | Killed a four-headed hydra
 11109 | D:11     | Reached XP level 12. HP: 104/104 MP: 12/12
 11209 | D:11     | Noticed a boulder beetle
 11237 | D:11     | Killed a boulder beetle
 11238 | D:11     | Reached skill level 1 in Maces & Flails
 11249 | D:11     | Reached skill level 10 in Armour
 11289 | D:11     | Noticed a six-headed hydra
 11296 | D:11     | Killed a six-headed hydra
 11420 | D:12     | Reached skill level 15 in Axes
 11437 | D:12     | Found a staircase to the Orcish Mines.
 11439 | D:12     | Noticed a boulder beetle
 11459 | D:12     | Killed a boulder beetle
 11473 | Orc:1    | Entered Level 1 of the Orcish Mines
 11922 | Orc:1    | Noticed a two-headed ogre
 11922 | Orc:1    | Noticed a two-headed ogre
 11923 | Orc:1    | Noticed an ogre mage
 11923 | Orc:1    | Noticed a two-headed ogre
 11936 | Orc:1    | Killed a two-headed ogre
 11937 | Orc:1    | Killed a two-headed ogre
 11943 | Orc:1    | Killed an ogre mage
 11944 | Orc:1    | Reached skill level 10 in Fighting
 11945 | Orc:1    | Killed a two-headed ogre
 12066 | Orc:2    | Entered Level 2 of the Orcish Mines
 12413 | Orc:2    | Found a roughly hewn altar of Beogh.
 12494 | Orc:2    | Found a staircase to the Elven Halls.
 12591 | Orc:2    | Found Ufaosmit's Weapon Shop.
 12649 | Orc:2    | Reached skill level 16 in Axes
 12788 | Orc:2    | Found a roughly hewn altar of Beogh.
 12853 | Orc:2    | Noticed Jorgrun
 12874 | Orc:2    | Killed Jorgrun
 12987 | Orc:2    | Reached XP level 13. HP: 114/114 MP: 13/13
 13117 | Orc:2    | Found Yphel's Book Emporium.
 13151 | Orc:2    | Found an ancient bone altar of Kikubaaqudgha.
 13176 | Orc:2    | Noticed Erolcha
 13179 | Orc:2    | Found a radiant altar of Vehumet.
 13187 | Orc:2    | Killed Erolcha
 13290 | Orc:2    | Found Ronass's Book Shoppe.
 13572 | Orc:2    | Found a roughly hewn altar of Beogh.
 13588 | Orc:2    | Found Xul Tye's Antique Armour Shoppe.
 13599 | Orc:2    | Found Baquakhu's Magic Scroll Shoppe.
 13606 | Orc:2    | Bought the +3 pair of seven-league boots {Rampage+∞} for
                  | 1440 gold pieces
 13606 | Orc:2    | Found the +3 pair of seven-league boots {Rampage+∞}
 13629 | Orc:2    | Bought a scroll of brand weapon for 104 gold pieces
 13629 | Orc:2    | Bought a scroll of identify for 22 gold pieces
 13629 | Orc:2    | Bought a scroll of identify for 22 gold pieces
 14270 | D:12     | Reached skill level 17 in Axes
 14877 | D:13     | Reached skill level 10 in Evocations
 15312 | D:14     | Killed a vault guard
 15359 | D:14     | Noticed a vault guard
 15365 | D:14     | Noticed a vault guard
 15368 | D:14     | Reached XP level 14. HP: 108/127 MP: 14/14
 15444 | D:14     | Reached skill level 18 in Axes
 15734 | D:14     | Found a shimmering altar of Xom.
 15755 | D:14     | Found Launeca's Magic Scroll Boutique.
 15768 | D:14     | Bought a scroll of magic mapping for 112 gold pieces
 15774 | D:14     | Found Acetz's Blood Bar.
 15816 | D:14     | Found a gate to the Vaults.
 15920 | D:15     | Entered Level 15 of the Dungeon
 15920 | D:15     | Noticed Rupert
 16095 | Lair:1   | Entered Level 1 of the Lair of Beasts
 16538 | Lair:1   | Noticed Maggie
 16551 | Lair:1   | Killed Maggie
 16713 | Lair:2   | Identified the +6 flail "Qesolur" {holy, rF+ Will+ Int+3}
 17063 | Lair:2   | Found a hole to the Spider Nest.
 17116 | Lair:2   | Found a staircase to the Shoals.
 18175 | Lair:3   | Noticed Sadonosm's ghost (journeyman DgSk)
 18306 | Lair:3   | Found a runed translucent gate.
 18306 | Lair:3   | Found a runed translucent gate.
 18306 | Lair:3   | Found a runed translucent gate.
 18377 | Lair:3   | Reached XP level 15. HP: 137/137 MP: 15/15
 18784 | Lair:3   | Killed Sadonosm's ghost
 19259 | Lair:4   | Found a viscous altar of Jiyva.
 19259 | Lair:4   | Found a staircase to the Slime Pits.
 19754 | Lair:5   | Entered Level 5 of the Lair of Beasts
 19997 | Lair:5   | Reached skill level 19 in Axes
 20059 | Lair:5   | Reached skill level 10 in Shields
 20303 | Lair:5   | Identified a scroll of acquirement
 20304 | Lair:5   | Acquired 1030 gold pieces
 20701 | Lair:5   | Identified the +7 war axe "X" {venom, rC+ Will+ Int-5 SInv}
 20772 | Lair:5   | Reached XP level 16. HP: 147/147 MP: 16/16
 21306 | Lair:5   | Found a runed translucent door.
 21350 | Lair:5   | Reached skill level 15 in Fighting
 21533 | Lair:5   | Paralysed by a hornet for 2 turns
 21992 | Lair:2   | Bought a fine plate armour for 672 gold pieces
 21992 | Lair:2   | Identified the +3 plate armour of Cheibriados's Favour {rF+
                  | Stlth+} (You bought it in a shop on level 2 of the Lair of
                  | Beasts)
 22008 | Lair:2   | Bought the ring of Scepticism {rN++ Str+4 Int+4 Dex+6} for
                  | 1195 gold pieces
 22024 | Shoals:1 | Entered Level 1 of the Shoals
 23116 | Shoals:1 | Noticed a kraken
 23272 | Shoals:1 | Found Wuroosef's Antique Weapon Shoppe.
 23858 | Shoals:2 | Found a burning altar of Makhleb.
 23975 | Shoals:3 | Noticed Ilsuiw
 24048 | Shoals:3 | Killed Ilsuiw
 24907 | Shoals:4 | Entered Level 4 of the Shoals
 24925 | Shoals:3 | Reached skill level 20 in Axes
 24925 | Shoals:3 | Reached skill level 5 in Stealth
 25171 | Shoals:4 | HP: 7/151 [merfolk/+1 trident of venom (13)]
 25172 | Shoals:4 | HP: 3/151 [poisoned by a merfolk]
 25173 | Shoals:4 | Succumbed to a merfolk's poison

Illustrated notes

Levels and vault maps discovered:
D:1:      tarquinn_simple_flora_water_b, layout_basic,
          nicolae_ecumenical_snake_handling, nicolae_eternal_life
D:2:      layout_basic, uniq_robin
D:3:      layout_rooms
D:4:      layout_loops_cross, trog_butcher_becter, minmay_starry_boxes,
          uniq_natasha
D:5:      layout_basic, uniq_blork_the_orc
D:6:      layout_loops_corners, chei_slow_surprise, serial_shops,
          nicolae_take_the_stairs, minmay_hedge_maze
D:7:      layout_basic, minmay_temple_entry_slanted, serial_curves,
          eino_curves_01, eino_curves_02, dk_noncrumbling_4, interstate_on_off,
          minmay_strange_pillars, amethyst_killhole, chequers_avenue
D:8:      layout_gridville, nicolae_overflow_hidden_temple,
          mainiacjoe_overflow_alcove_1, kennysheep_generic_room_10,
          uniq_prince_ribbit1
D:9:      corexii_shack_village, layout_long_grid,
          mainiacjoe_overflow_tiny_flanked,
          mainiacjoe_overflow_concentric_impassable,
          mainiacjoe_overflow_large_starburst, minivault_28
D:10:     layout_irregular_city, amcnicky_altar_gilded, mrwooster_statue_mirror
D:11:     layout_irregular_city, minmay_lair_entry_grove
D:12:     layout_basic, orc_0_dummy, chequers_serial_rivers_micro_a
D:13:     layout_cave_pools
D:14:     layout_cave_pools, ximxim_vaults_locker_room, xom_teletrap_fun,
          serial_shops, shop_fountains, drop_trap, guppyfry_shop_blood
D:15:     grunt_enter_depths_snipers, layout_rooms, uniq_nessos, uniq_rupert
Temple:   oiseaux_autumnal_temple
Lair:1:   layout_gridlike, uniq_maggie
Lair:2:   layout_gridlike, minmay_shoals_entry_centaurs,
          nicolae_spider_entry_tight_spaces
Lair:3:   layout_misc_corridors, gammafunk_ghost_split, serial_bayou_pond_e,
          forest_entry_grove
Lair:4:   layout_misc_corridors, minmay_slime_entry_pillars, evilmike_ambush
          [evilmike_ambush_outer_basic, evilmike_ambush_inner_basic]
Lair:5:   hangedman_lair_caniforms_friends, layout_cave_pods, wormcave,
          lemuel_fruit_fields
Shoals:1: layout_shoals, serial_shops, nicolae_shop_waterfront
Shoals:2: layout_shoals, lemuel_oklob_altar
Shoals:3: layout_shoals, nicolae_shoals_drake_roost, uniq_ilsuiw
Shoals:4: shoals_end_simple, layout_shoals, shoals_ilsuiw_ice,
          nicolae_shoals_cliffside_cave
Orc:1:    layout_diamond_mine
Orc:2:    kennysheep_orc_mage_school, layout_caves, basic_altar, serial_shops,
          shop, minmay_orc_temple_a, uniq_jorgrun

Skill      XL: |  1  2  3  4  5  6  7  8  9 10 11 12 13 14 15 16 |
---------------+-------------------------------------------------+-----
Axes           | 3 4 5 6 8 9 11 13 14 16 17 18 19 20 | 20.1
Fighting       | 4 5 6 7 9 10 12 13 14 15 | 15.8
Dodging        | 1 2 3 |  3.1
Armour         | 4 5 7 8 9 10 11 12 13 14 | 14.1
Evocations     | 2 3 5 6 7 9 10 11 12 14 | 14.0
Shields        | 4 5 6 7 9 10 11 | 11.7
Stealth        | 1 2 3 5 |  5.1
Throwing       | 1 |  1.9
Maces & Flails | 2 4 |  4.4

Action                   |  1- 3 |  4- 6 |  7- 9 | 10-12 | 13-15 | 16-18 || total
-------------------------+-------+-------+-------+-------+-------+-------++-------
Melee: War axe           |   123 |   133 |   391 |   611 |   355 |       ||  1613
       Flail             |       |       |       |    19 |   118 |       ||   137
       Broad axe         |       |       |       |       |   795 |   486 ||  1281
Throw: Boomerang         |       |       |     8 |     7 |       |       ||    15
       Javelin           |       |       |     2 |     1 |       |       ||     3
       Dart              |       |       |       |     4 |     1 |     1 ||     6
Invok: Call Merchant     |       |       |       |       |       |     4 ||     4
Evoke: Wand              |       |       |     8 |    18 |    13 |     6 ||    45
       Phial of floods   |       |       |       |       |     1 |       ||     1
  Use: Scroll            |     4 |     3 |     4 |     8 |    12 |     3 ||    34
       Potion            |       |       |     3 |    17 |     1 |    13 ||    34
 Stab: Invisible         |       |       |     3 |     9 |       |    26 ||    38
       Distracted        |       |       |       |     1 |    11 |     3 ||    15
       Petrified         |       |       |       |       |     7 |       ||     7
       Petrifying        |       |       |       |       |     1 |       ||     1
       Fleeing           |       |       |       |       |       |     2 ||     2
Armor: Scale mail        |    17 |       |       |       |       |       ||    17
       Chain mail        |   111 |    89 |   129 |       |       |       ||   329
       Plate armour      |       |     5 |   131 |   511 |   862 |   204 ||  1713
Dodge: Dodged            |    62 |    67 |   122 |   257 |   373 |    88 ||   969
Block: Buckler           |    26 |    26 |    78 |   147 |    67 |       ||   344
       Kite shield       |       |       |       |       |   534 |   273 ||   807
       Reflection        |       |       |       |       |       |    12 ||    12
